 Dungeon Crawl Stone Soup version 0.29.1-12-g30fa7ad0bf (webtiles) character file.

Game seed: 11896592890456595599

13685 soggyman666 the Cleaver (level 11, -9/101 HPs)
             Began as a Minotaur Fighter on Dec 28, 2022.
             Was an Elder of Trog.
             Mangled by a merfolk
             ... wielding a +0 trident
              (11 damage)
             ... on level 1 of the Shoals.
             The game lasted 00:32:32 (11325 turns).

soggyman666 the Cleaver (Minotaur Fighter)         Turns: 11325, Time: 00:32:33

Health: -9/101     AC: 13    Str: 32    XL:     11   Next: 78%
Magic:  10/10      EV: 19    Int:  5    God:    Trog [****..]
Gold:   526        SH: 11    Dex: 13    Spells: 10/10 levels left

rFire   . . .      SeeInvis +   a - +0 war axe
rCold   . . .      Faith    .   T - +0 kite shield
rNeg    . . .      Spirit   .   F - +1 leather armour "Lavuigen" {Rampage Dex+4 SInv}
rPois   .          Reflect  .   (helmet restricted)
rElec   .          Harm     .   y - +2 cloak
rCorr   .          Rampage  +   s - +2 pair of gloves
Will    .....                   L - +0 pair of boots
Stlth   +.........              t - amulet of regeneration
HPRegen 1.06/turn               l - +4 ring of evasion
MPRegen 0.12/turn               Q - +6 ring of strength

@: engulfed (cannot breathe)
A: horns 2, retaliatory headbutt
a: Renounce Religion, Berserk, Trog's Hand, Brothers in Arms


You were on level 1 of the Shoals.
You worshipped Trog.
Trog was greatly pleased with you.
You visited 5 branches of the dungeon, and saw 15 of its levels.

You collected 750 gold pieces.
You spent 224 gold pieces at shops.

Inventory:

Hand Weapons
 a - a +0 war axe (weapon)
 d - a +1 flail of holy wrath
 x - a +2 vampiric whip
 z - a +2 spear of freezing
 V - a +1 vampiric halberd
 X - a +1 flail of venom
Missiles
 B - 9 javelins (quivered)
 S - 8 poisoned darts
Armour
 c - +0 acid dragon scales
 s - a +2 pair of gloves (worn)
 y - a +2 cloak (worn)
 F - the +1 leather armour "Lavuigen" (worn) {Rampage Dex+4 SInv}
   (You found it on level 6 of the Dungeon)

   Dex:       It affects your dexterity (+4).
   SInv:      It lets you see invisible.
   Rampage:   It bestows one free step when moving towards enemies.
 L - a +0 pair of boots (worn)
 R - a +0 plate armour
 T - a +0 kite shield (worn)
Jewellery
 l - a +4 ring of evasion (left hand)
 p - a ring of resist corrosion
 t - an amulet of regeneration (around neck)
 N - a ring of ice
 Q - a +6 ring of strength (right hand)
 W - a ring of protection from fire
 Y - a ring of poison resistance
Wands
 C - a wand of polymorph (15)
 H - a wand of light (10)
Scrolls
 b - a scroll of brand weapon {unknown}
 g - a scroll of identify
 i - a scroll of vulnerability {unknown}
 j - 5 scrolls of fear
 m - 6 scrolls of teleportation
 n - 4 scrolls of fog
 o - 5 scrolls of immolation
 q - a scroll of acquirement {unknown}
 v - 2 scrolls of poison
 A - a scroll of blinking {unknown}
 E - a scroll of enchant weapon {unknown}
 J - 2 scrolls of enchant armour {unknown}
 K - a scroll of summoning {unknown}
 Z - a scroll of magic mapping {unknown}
Potions
 e - 6 potions of lignification
 f - 2 potions of flight {unknown}
 h - 2 potions of magic {unknown}
 k - 5 potions of heal wounds
 r - 9 potions of curing
 u - 4 potions of haste
 w - 2 potions of might
 D - 2 potions of brilliance {unknown}
 G - a potion of attraction {unknown}
 I - a potion of invisibility {unknown}
 M - 2 potions of mutation {unknown}
 O - a potion of resistance {unknown}
 P - a potion of berserk rage
 U - a potion of cancellation {unknown}


   Skills:
 + Level 10.5 Fighting
 + Level 11.2 Axes
 + Level 10.4 Armour
 + Level 10.2 Dodging
 + Level 10.4 Shields


You had 10 spell levels left.
You didn't know any spells.
Your spell library contained the following spells:

 Spells                   Type           Power      Damage    Failure   Level
 Beastly Appendage        Tmut           0%         N/A       77%         1
 Blink                    Tloc           0%         N/A       88%         2
 Ensorcelled Hibernation  Hex/Ice        0%         N/A       88%         2
 Wereblood                Tmut           0%         N/A       88%         2
 Ignite Poison            Fire/Tmut/Pois 0%         N/A       98%         3
 Lesser Beckoning         Tloc           0%         N/A       98%         3
 Mephitic Cloud           Conj/Pois/Air  0%         N/A       98%         3
 Spider Form              Tmut/Pois      0%         N/A       98%         3
 Anguish                  Hex/Necr       0%         N/A       100%        4
 Freezing Cloud           Conj/Ice/Air   0%         6-21      100%        5
 Manifold Assault         Tloc           0%         N/A       100%        5
 Enfeeble                 Hex            0%         N/A       100%        7


Dungeon Overview and Level Annotations

Branches:
Dungeon (10/15)            Temple (1/1) D:4            Lair (2/5) D:8
 Shoals (1/4) Lair:2          Orc (1/2) D:10
  Snake: Lair:2-3    Spider: Lair:2-3

Altars:
Ashenzari
Cheibriados
Dithmenos
Elyvilon
Fedhas
Gozag
Hepliaklqana
Kikubaaqudgha
Makhleb
Nemelex Xobeh
Okawaru
Qazlal
Ru
Sif Muna
Trog
Uskayaw
Wu Jian
Xom
Yredelemnul
Zin
The Shining One

Shops:
D:7 :*   D:8 ![(:   Orc:1 (

Annotations:
D:9 2 transporters


Innate Abilities, Weirdness & Mutations

You have a pair of horns on your head.
You reflexively headbutt those who attack you in melee.


Message History

The wind drake flaps its wings at you. The air twists around and strikes you!!
You barely miss the wind drake.
The wind drake is moderately wounded.
The wind drake misses you. You block the merfolk's attack.
You closely miss the wind drake.
The wind drake is lightly wounded.
The wind drake exhales a fierce blast of wind!
You are blown backwards!
You rampage towards the wind drake!
You enter the shallow water.
Moving in this stuff is going to be slow.
The wind drake bites you. You block the merfolk's attack.
The wind drake misses you. You furiously retaliate!
You headbutt the wind drake!
The merfolk hits you from afar with a +0 trident!
The water elemental hits you.
You closely miss the wind drake. Your headbutt misses the wind drake.
The wind drake is moderately wounded.
You hit the water elemental.
The wind drake exhales a fierce blast of wind!
You are blown backwards!
The water elemental is blown away by the wind.
You rampage towards the wind drake!
You enter the shallow water.
Moving in this stuff is going to be slow.
The wind drake bites you. The merfolk barely misses you.
The wind drake flaps its wings at you. The air twists around and strikes you!
* * * LOW HITPOINT WARNING * * *
The water elemental hits you.
The water elemental engulfs you in water!
You slice the wind drake!!
The wind drake is severely wounded.
You hit the water elemental. You closely miss the faun.
* * * LOW HITPOINT WARNING * * *
Your lungs strain for air!
The wind drake flaps its wings at you. The air twists around and strikes you!
* * * LOW HITPOINT WARNING * * *
The merfolk hits you from afar with a +0 trident!
You die...

~~..~~~~~~~.... ..
~~...~~~~~..~~~ .
~c?..~~~~~~... .#
~~......~~~.## ..##
..........~..##...##
.........m.........#
.........c..........
.......<.k@~........
.#........E~~..~~≈~.
...............~≈≈..
......###$.....~≈~.#
~~.... #..###..~~..
~~.##. ...# .~≈≈~.
~.. # ...$# .~≈≈~~
~~ .....# #.~≈~~


You could see a wind drake (repels missiles), a merfolk, a faun and a water
elemental.

Vanquished Creatures
  A two-headed ogre (D:10)
  Pikel (D:7)
  A manticore (Lair:2)
  3 cane toads (Lair:1)
  A wind drake (Lair:2)
  Grinder (D:4)
  7 dream sheep
  3 wyverns
  21 yaks
  A vampire (D:10)
  Menkaure (D:4)
  3 steam dragons
  An acid dragon (D:10)
  6 water moccasins
  2 ice beasts
  6 orc warriors
  A sky beast (D:6)
  A swamp drake (D:10)
  4 black bears
  2 ogres
  4 centaurs
  4 lemures (D:7)
  2 phantoms
  5 bullfrogs
  3 scorpions
  3 necrophages
  2 gnoll sergeants (D:9)
  A wight (D:7)
  22 killer bees
  A howler monkey (D:6)
  2 hounds (D:6)
  4 jellies
  8 orc priests
  Crazy Yiuf (D:2)
  3 iguanas
  11 orc wizards
  Natasha (thrice) (D:2)
  13 gnolls
  6 adders
  2 shadow imps
  3 ufetubi
  3 worms
  5 dart slugs
  43 orcs
  7 ball pythons
  7 endoplasms
  4 giant cockroaches
  7 goblins
  6 hobgoblins
  8 jackals
  9 kobolds
  4 quokkas
  6 bats
  2 frilled lizards (D:3)
  5 rats
  A butterfly (Lair:1)
287 creatures vanquished.

Vanquished Creatures (others)
  An ogre (D:10)
  8 fungi (Lair:2)
  3 plants (Lair:2)
12 creatures vanquished.

Grand Total: 299 creatures vanquished

Notes
Turn   | Place    | Note
-------+----------+-------------------------------------------
     0 | D:1      | soggyman666 the Minotaur Fighter began the quest for the
                  | Orb.
     0 | D:1      | Reached XP level 1. HP: 19/19 MP: 0/0
   262 | D:1      | Reached XP level 2. HP: 27/27 MP: 1/1
   324 | D:1      | Found a faded altar of an unknown god.
   333 | D:1      | Reached skill level 3 in Axes
   932 | D:2      | Found a runed translucent door.
   933 | D:2      | Noticed Crazy Yiuf
  1048 | D:2      | Reached XP level 3. HP: 32/32 MP: 2/2
  1498 | D:2      | Reached XP level 4. HP: 40/40 MP: 3/3
  1521 | D:2      | Noticed Natasha
  1528 | D:2      | Killed Natasha
  1529 | D:2      | Reached skill level 4 in Axes
  1529 | D:2      | Noticed Natasha
  1538 | D:2      | Killed Natasha
  1789 | D:2      | Noticed Natasha
  1800 | D:2      | Killed Natasha
  1801 | D:2      | Reached XP level 5. HP: 28/47 MP: 4/4
  1997 | D:2      | Killed Crazy Yiuf
  2298 | D:3      | Noticed a black bear
  2305 | D:3      | Killed a black bear
  2306 | D:3      | Reached skill level 5 in Axes
  2306 | D:3      | Reached XP level 6. HP: 55/55 MP: 5/5
  2352 | D:3      | Reached skill level 5 in Armour
  2669 | D:4      | Reached skill level 5 in Fighting
  2669 | D:4      | Reached skill level 5 in Shields
  2741 | D:4      | Noticed Menkaure
  2779 | D:4      | Killed Menkaure
  2780 | D:4      | Reached skill level 6 in Axes
  2780 | D:4      | Reached XP level 7. HP: 16/61 MP: 6/6
  3041 | D:4      | Identified the +1 leather armour of Impof {Rampage rC+ MP+9
                  | Str-4}
  3357 | D:4      | Found a staircase to the Ecumenical Temple.
  3478 | Temple   | Entered the Ecumenical Temple
  3550 | Temple   | Became a worshipper of Trog the Wrathful
  4105 | D:5      | Entered Level 5 of the Dungeon
  4105 | D:5      | Noticed Grinder
  4107 | D:5      | Paralysed by Grinder for 3 turns
  4123 | D:4      | Killed Grinder
  4124 | D:4      | Reached skill level 7 in Axes
  4292 | D:5      | Reached XP level 8. HP: 66/70 MP: 7/7
  4407 | D:5      | Reached skill level 1 in Dodging
  4847 | D:5      | Reached * piety under Trog
  4929 | D:6      | Found a glowing golden altar of the Shining One.
  4929 | D:6      | Found a sparkling altar of Nemelex Xobeh.
  5103 | D:6      | Reached skill level 8 in Axes
  5256 | D:6      | Reached XP level 9. HP: 61/79 MP: 8/8
  5506 | D:6      | Identified the +1 leather armour "Lavuigen" {Rampage Dex+4
                  | SInv}
  5810 | D:7      | Reached skill level 5 in Dodging
  5821 | D:7      | Reached ** piety under Trog
  5987 | D:7      | Found Kaosemah's Book Shop.
  6187 | D:7      | Noticed Pikel
  6203 | D:7      | Killed Pikel
  6226 | D:7      | Found Juczutie's Assorted Antiques.
  6231 | D:7      | Bought a scroll of identify for 42 gold pieces
  6231 | D:7      | Bought a scroll of teleportation for 63 gold pieces
  6278 | D:7      | Reached skill level 9 in Axes
  6630 | D:8      | Found Guceb's Antique Weapon Boutique.
  6720 | D:8      | Found Meijydgh's Book Boutique.
  6966 | D:8      | Reached XP level 10. HP: 83/88 MP: 9/9
  7053 | D:8      | Found Guid's Armour Shoppe.
  7056 | D:8      | Bought a +0 pair of gloves for 67 gold pieces
  7201 | D:8      | Found Oqexuir's Distillery.
  7245 | D:8      | Found a staircase to the Lair.
  7262 | D:8      | Bought a potion of might for 52 gold pieces
  7343 | D:8      | Found a blossoming altar of Fedhas.
  7694 | D:9      | Found a hazy altar of Hepliaklqana.
  7910 | D:9      | Found a burning altar of Makhleb.
  8013 | D:9      | Found a stormy altar of Qazlal.
  8092 | D:9      | Reached *** piety under Trog
  8121 | D:9      | Found a transporter.
  8161 | D:9      | Reached skill level 10 in Axes
  8326 | D:9      | Found a transporter.
  8865 | D:10     | Entered Level 10 of the Dungeon
  9143 | D:10     | Found a glowing silver altar of Zin.
  9167 | D:10     | Reached XP level 11. HP: 97/97 MP: 10/10
  9204 | D:10     | Noticed a two-headed ogre
  9210 | D:10     | Killed a two-headed ogre
  9525 | D:10     | Reached **** piety under Trog
  9574 | D:10     | Found a staircase to the Orcish Mines.
  9938 | Orc:1    | Entered Level 1 of the Orcish Mines
  9938 | Orc:1    | Found Esad's Weapon Boutique.
  9939 | Orc:1    | Noticed an orc knight
 10062 | Lair:1   | Entered Level 1 of the Lair of Beasts
 10954 | Lair:2   | Found a staircase to the Shoals.
 10964 | Lair:2   | Reached skill level 10 in Fighting
 10969 | Lair:2   | Reached skill level 10 in Shields
 10971 | Lair:2   | Reached skill level 10 in Armour
 11003 | Lair:1   | Reached skill level 11 in Axes
 11003 | Lair:1   | Reached skill level 10 in Dodging
 11312 | Shoals:1 | Entered Level 1 of the Shoals
 11325 | Shoals:1 | HP: 2/101 [wind drake/the air (16)]
 11325 | Shoals:1 | Mangled by a merfolk

Illustrated notes

Levels and vault maps discovered:
D:1:      elethiomel_arrival_shortcut, layout_basic,
          hellmonk_ecumenical_altar_dog_temple, kennysheep_flooded_box
D:2:      layout_loops_ring, minmay_tiny_reverse_x, uniq_crazy_yiuf_cottage,
          uniq_natasha
D:3:      minmay_wonky_spiral, layout_rooms, minivault_11, minmay_misc_feat_iff
D:4:      layout_basic, minmay_temple_entry_junction,
          minmay_fractal_squares_gapless_5, uniq_menkaure
D:5:      layout_cave_pools, uniq_grinder
D:6:      layout_cave_pods, gammafunk_temple_overflow_pools,
          serial_column_ruins, column_ruins_open_tiny, column_ruins_open_small,
          column_ruins_corridor_straight, column_ruins_grid_1
D:7:      layout_loops_ring, serial_shops, shop, shop_coins,
          hangedman_abyss_or_decor_passed, hangedman_decor_diamond_cutter,
          kennysheep_opposing_triangles, uniq_pikel
D:8:      cheibrodos_elevator_heist, layout_basic, mainiacjoe_overflow_alcove_1,
          lair_entry_dummy, serial_shops, shop, nicolae_shop_crystal, shop, shop
D:9:      gammafunk_steamed_eel, layout_stronghold,
          mainiacjoe_overflow_chevrons, old_standard_altar,
          mainiacjoe_overflow_small_starburst
D:10:     layout_irregular_city, zin_academy, erik_orc_1
Temple:   regret_index_temple_waves
Lair:1:   layout_regular_city, grunt_forest_small_clearings,
          infiniplex_staircase_pool_2, serial_bayou_shore_b, grunt_megastairs_5,
          lemuel_fruit_fields
Lair:2:   layout_layer_cave, minmay_shoals_entry_beasts,
          gammafunk_ghost_abyssal_escape, lemuel_fruit_tree
Shoals:1: layout_shoals
Orc:1:    layout_caves, serial_shops, nicolae_lakefront_shop, shop,
          nicolae_shop_temple_entry_statues_fountains, nicolae_diamond_shop,
          nicolae_shop_window_shopping

Skill      XL: |  1  2  3  4  5  6  7  8  9 10 11 |
---------------+----------------------------------+-----
Axes           | 3 4 5 6 7 8 9 10 11 | 11.2
Fighting       | 4 5 6 7 8 9 10 | 10.5
Shields        | 4 5 6 7 8 9 10 | 10.4
Armour         | 4 5 6 7 8 9 10 | 10.4
Dodging        | 4 6 9 10 | 10.2

Action                   |  1- 3 |  4- 6 |  7- 9 | 10-12 || total
-------------------------+-------+-------+-------+-------++-------
Melee: War axe           |    63 |    68 |   317 |   276 ||   724
       Headbutt          |     8 |    13 |    57 |    70 ||   148
  Use: Scroll            |       |     4 |     5 |     2 ||    11
       Potion            |       |     2 |       |     1 ||     3
 Stab: Confused          |       |       |       |     1 ||     1
Armor: Scale mail        |    33 |    29 |     7 |       ||    69
       Chain mail        |       |       |   114 |       ||   114
       Leather armour    |       |       |    30 |    77 ||   107
Dodge: Dodged            |    39 |    42 |   226 |   254 ||   561
Block: Buckler           |    19 |    15 |    75 |    33 ||   142
       Kite shield       |       |       |       |   112 ||   112
